 Dungeon Crawl Stone Soup version 0.21-a0 (webtiles) character file.

1783 ArtsTyrian the Sneak (level 9, -1/62 HPs)
             Began as an Octopode Wanderer on May 19, 2017.
             Was a Priest of Vehumet.
             Slain by an orc
             ... wielding a +0 whip
              (5 damage)
             ... on level 6 of the Dungeon.
             The game lasted 01:01:55 (8746 turns).

ArtsTyrian the Sneak (Octopode Wanderer)            Turns: 8746, Time: 01:01:56

Health: -1/62      AC:  1    Str: 11    XL:     9   Next: 8%
Magic:  12/13      EV: 11    Int: 16    God:    Vehumet [***...]
Gold:   229        SH:  7    Dex: 13    Spells: 10/14 levels left

rFire    . . .     SeeInvis .   e - +2 whip (freeze)
rCold    + . .     Gourm    .   a - +0 shield
rNeg     . . .     Faith    .   (helmet restricted)
rPois    .         Spirit   .   y - amulet of rage
rElec    .         Reflect  .   v - ring of protection from cold
rCorr    .         Harm     .   (no ring)
MR       .....                  (no ring)
Stlth    ++++......             (no ring)
Regen    0.2/turn               (no ring)
MPRegen  0.2/turn               (no ring)
                                (no ring)
                                (no ring)

@: no status effects
A: almost no armour, stealthy swim, amphibious, 8 rings, constrict 8, camouflage
1, gelatinous body 1
a: Renounce Religion, Evoke Berserk Rage


You were on level 6 of the Dungeon.
You worshipped Vehumet.
Vehumet was most pleased with you.
You were full.

You visited 1 branch of the dungeon, and saw 6 of its levels.

You collected 229 gold pieces.

Inventory:

Hand Weapons
 b - a +0 short sword
 e - a +2 whip of freezing (weapon)
 h - a +1 dagger of freezing
 s - a +0 hunting sling of velocity
Missiles
 p - 137 stones (quivered)
Armour
 a - a +0 shield (worn)
Jewellery
 v - a ring of protection from cold (left tentacle)
 w - a +2 amulet of reflection {unknown}
 y - an amulet of rage (around mantle)
 A - an uncursed ring of flight {unknown}
Scrolls
 g - a scroll of blinking {unknown}
 j - 3 scrolls of teleportation
 k - 5 scrolls of remove curse
 n - 2 scrolls of enchant armour {unknown}
 q - a scroll of identify
 t - 2 scrolls of magic mapping {unknown}
 z - a scroll of fog {unknown}
 B - a scroll of noise {unknown}
Potions
 c - 3 potions of lignification
 i - a potion of flight
 l - a potion of invisibility
 m - a potion of might {unknown}
 o - a potion of berserk rage {unknown}
 r - a potion of degeneration {unknown}
 u - a potion of curing {unknown}
 C - a potion of heal wounds
Books
 f - a book of Callings

   Spells                             Type                      Level
   a - Summon Small Mammal            Summoning                    1
   b - Call Imp                       Summoning                    2
   c - Call Canine Familiar           Summoning                    3
   d - Summon Guardian Golem          Hexes/Summoning              3
   e - Summon Lightning Spire         Summoning/Air                4
   f - Summon Ice Beast               Ice/Summoning                4
Comestibles
 d - 4 bread rations
 x - a meat ration


   Skills:
 + Level 6.0 Fighting
 - Level 1.6 Short Blades
 + Level 5.3 Maces & Flails
   Level 1.0 Bows
 + Level 2.6 Dodging
 * Level 6.6 Stealth
 - Level 1.0 Shields
 - Level 1.0 Unarmed Combat
 + Level 3.1 Spellcasting
 + Level 2.7 Conjurations
 * Level 3.8 Fire Magic
 * Level 3.5 Earth Magic
 - Level 1.1 Evocations


You had 10 spell levels left.
You knew the following spells:

 Your Spells              Type           Power        Failure   Level  Hunger
a - Flame Tongue          Conj/Fire      ##...        9%          1    None
b - Stone Arrow           Conj/Erth      ##....       24%         3    ###....


Dungeon Overview and Level Annotations

Branches:
Dungeon (6/15)             Temple (0/1) D:5

Altars:
Ashenzari
Gozag
Hepliaklqana
Makhleb
Sif Muna
Trog
Vehumet

Shops:
D:5 *([*


Innate Abilities, Weirdness & Mutations

You cannot wear most types of armour.
You are very stealthy in the water. (Stealth+)
You are amphibious.
You can wear up to eight rings at the same time.
You can use your tentacles to constrict eight enemies at once.
Your skin changes colour to match your surroundings (Stealth+).
Your rubbery body absorbs attacks. (AC +1, EV +1)


Message History

You squeeze the orc warrior, but do no damage.
The orc warrior is lightly wounded.
You constrict the orc warrior.
You hit the orc warrior but do no damage.
The orc warrior is lightly wounded.
You constrict the orc warrior, but do no damage.
The orc warrior hits you with an enchanted halberd!!
* * * LOW HITPOINT WARNING * * *
You hit the orc warrior. You freeze the orc warrior.
You squeeze the orc warrior, but do no damage.
The orc warrior is moderately wounded.
You constrict the orc warrior. The orc hits you with a whip.
* * * LOW HITPOINT WARNING * * *
The orc warrior hits you with an enchanted halberd!
* * * LOW HITPOINT WARNING * * *
You hit the orc warrior. You freeze the orc warrior.
You squeeze the orc warrior, but do no damage.
The orc warrior is heavily wounded.
You constrict the orc warrior. The orc hits you with a whip.
You die...

#.# #.# #.# #.# #.# #
#.# #. #o# #.....# #@#
##.#.#.###o#########
#......o.)o........#
#..#.#.###.....###.#
#.. ...............#
#..##.########.###.#
#####..##.#### #.#
.............# ##.#
###.#..#####รท####)#.#


You could see an orc warrior and 2 orcs.

Vanquished Creatures
  Sigmund (D:3)
  A water moccasin (D:6)
  Duvessa (D:6)
  2 centaurs (D:5)
  A bullfrog (D:5)
  Dowan (D:6)
  A scorpion (D:6)
  2 howler monkeys (D:5)
  2 crimson imps (D:6)
  A bullfrog zombie (D:6)
  3 jellies
  A centaur skeleton (D:4)
  2 bullfrog skeletons (D:5)
  4 orc priests
  2 hounds
  6 orc wizards
  5 worker ants
  A hound zombie (D:6)
  A hound skeleton (D:4)
  A worker ant zombie (D:5)
  10 adders
  3 oozes
  An adder skeleton (D:4)
  A worm (D:5)
  2 dart slugs (D:1)
  A leopard gecko (D:5)
  30 orcs
  2 ball pythons
  A giant cockroach (D:6)
  8 goblins
  7 hobgoblins
  6 quokkas
  9 bats
  4 frilled lizards
  6 kobolds
  A leopard gecko skeleton (D:4)
  11 rats
  2 bushes (D:1)
144 creatures vanquished.

Vanquished Creatures (others)
  A dart slug (D:2)
1 creature vanquished.

Grand Total: 145 creatures vanquished

Notes
Turn   | Place    | Note
-------+----------+-------------------------------------------
     0 | D:1      | ArtsTyrian the Octopode Wanderer began the quest for the Orb.
     0 | D:1      | ArtsTyrian set off with: a +0 shield, a +0 short sword, a potion of lignification, a bread ration
     0 | D:1      | Reached XP level 1. HP: 18/18 MP: 1/1
    43 | D:1      | Reached XP level 2. HP: 19/24 MP: 2/2
   284 | D:1      | Reached skill level 1 in Stealth
   358 | D:1      | Reached XP level 3. HP: 29/29 MP: 3/3
  1025 | D:2      | Found a radiant altar of Vehumet.
  1090 | D:2      | Became a worshipper of Vehumet
  1388 | D:2      | Found a deep blue altar of Sif Muna.
  1785 | D:2      | Found a bloodstained altar of Trog.
  1853 | D:2      | Noticed an orc warrior
  2527 | D:2      | Reached XP level 4. HP: 36/36 MP: 4/4
  2828 | D:2      | Reached skill level 1 in Short Blades
  3338 | D:3      | Reached XP level 5. HP: 41/41 MP: 5/5
  3372 | D:3      | Reached * piety under Vehumet
  3372 | D:3      | Offered knowledge of Sandblast by Vehumet.
  3383 | D:3      | Learned a level 1 spell: Sandblast
  3566 | D:3      | Noticed Sigmund
  3815 | D:3      | Reached skill level 1 in Spellcasting
  4021 | D:3      | Found a shattered altar of Ashenzari.
  4021 | D:3      | Found a hazy altar of Hepliaklqana.
  4613 | D:3      | Reached XP level 6. HP: 46/46 MP: 7/7
  4618 | D:3      | Killed Sigmund
  4719 | D:4      | Reached skill level 5 in Stealth
  4797 | D:3      | Reached ** piety under Vehumet
  4982 | D:4      | Offered knowledge of Flame Tongue by Vehumet.
  4994 | D:3      | Learned a level 1 spell: Flame Tongue
  5042 | D:4      | Reached XP level 7. HP: 50/51 MP: 8/10
  5167 | D:4      | Reached skill level 1 in Conjurations
  5167 | D:4      | Reached skill level 1 in Fire Magic
  5178 | D:4      | Found a burning altar of Makhleb.
  5178 | D:4      | Noticed an Executioner
  5949 | D:5      | Entered Level 5 of the Dungeon
  6143 | D:5      | Reached skill level 1 in Maces & Flails
  6527 | D:5      | Reached XP level 8. HP: 44/57 MP: 11/11
  6624 | D:5      | Offered knowledge of Stone Arrow by Vehumet.
  6655 | D:5      | Learned a level 3 spell: Stone Arrow
  6688 | D:5      | Found an opulent altar of Gozag.
  7107 | D:5      | Found a staircase to the Ecumenical Temple.
  7127 | D:5      | Found Diuric's Armour Shop.
  7291 | D:5      | Found Kunn's General Store.
  7392 | D:5      | Reached *** piety under Vehumet
  7555 | D:5      | Found Kuede's Assorted Antiques.
  7557 | D:5      | Found Oroduohahi's Weapon Shoppe.
  8326 | D:6      | Reached skill level 5 in Maces & Flails
  8328 | D:6      | Offered knowledge of Static Discharge by Vehumet.
  8668 | D:6      | Noticed Duvessa
  8670 | D:6      | Noticed Dowan
  8696 | D:6      | Killed Duvessa
  8696 | D:6      | Reached XP level 9. HP: 62/62 MP: 13/13
  8700 | D:6      | Killed Dowan
  8746 | D:6      | Slain by an orc

Vault maps used:
D:1:      lemuel_arrival_muddy, serial_forest, infiniplex_forest_corner_1,
          infiniplex_forest_split, infiniplex_forest_lined_room_3,
          infiniplex_forest_lined_3_way, infiniplex_forest_straight_1,
          infiniplex_forest_zigzag_1, infiniplex_forest_clump_medium,
          infiniplex_forest_zigzag_1, infiniplex_forest_clump_long,
          minmay_crystal_room
D:2:      lemuel_crystal_altar, bloody_trog, fiery_altar_vehumet, first_bread
D:3:      gammafunk_temple_overflow_wave, uniq_sigmund
D:4:      makhleb_altar_promises_db
D:5:      grunt_gozag_statues, minmay_temple_entry_butterflies, serial_shops,
          shop, nicolae_shop_stone, shop, nicolae_shop_window_shopping
D:6:      serial_shops, nicolae_shop_trees, uniq_eustachio, uniq_duvessa

Skill      XL: |  1  2  3  4  5  6  7  8 |
---------------+-------------------------+-----
Stealth        | 1 2 4 5 6 |  6.6
Short Blades   | 1 |  1.6
Dodging        | 2 |  2.6
Spellcasting   | 1 2 3 |  3.1
Earth Magic    | 2 3 |  3.5
Conjurations   | 2 |  2.7
Fire Magic     | 2 3 |  3.8
Maces & Flails | 3 5 |  5.3
Fighting       | 6 |  6.0
Bows           | |  1.0
Shields        | |  1.0
Unarmed Combat | |  1.0
Evocations     | |  1.1

Action                   |  1- 3 |  4- 6 |  7- 9 || total
-------------------------+-------+-------+-------++-------
Melee: Short sword       |   243 |       |       ||   243
       Tentacles         |    74 |    27 |    50 ||   151
       Constrict         |    19 |    32 |    41 ||    92
       Dagger            |     3 |   108 |    37 ||   148
       Punch             |     2 |     1 |     3 ||     6
       Whip              |       |       |   143 ||   143
 Cast: Sandblast         |       |     1 |       ||     1
       Flame Tongue      |       |       |    28 ||    28
       Stone Arrow       |       |       |     7 ||     7
 Abil: Evoke Berserk Rag |       |       |     1 ||     1
  Use: Scroll            |     2 |     2 |     2 ||     6
       Potion            |       |       |     3 ||     3
 Stab: Sleeping          |     9 |     3 |     4 ||    16
       Distracted        |       |     1 |     2 ||     3
  Eat: Fruit             |     4 |     2 |     3 ||     9
       Royal jelly       |     1 |     1 |     1 ||     3
       Meat ration       |       |     1 |     2 ||     3
       Bread ration      |       |     1 |       ||     1
Armor: Skin              |     8 |     5 |     7 ||    20
Dodge: Dodged            |    32 |    48 |    58 ||   138
Block: Shield            |    26 |    25 |    65 ||   116
